 Dungeon Crawl Stone Soup version 0.18.1-50-g88ac8fd (webtiles) character file.

60 Korbac the Covered (level 4, -5/35 HPs)
             Began as a Human Fighter on Oct 16, 2016.
             Killed from afar by an orc wizard (9 damage)
             ... with a puff of flame
             ... on level 4 of the Dungeon.
             The game lasted 00:08:22 (1304 turns).

Korbac the Covered (Human Fighter)                  Turns: 1304, Time: 00:08:22

Health: -5/35      AC:  9    Str: 18    XL:     4   Next: 24%
Magic:  4/4        EV:  6    Int:  8    God:
Gold:   65         SH:  0    Dex: 14    Spells: 0 memorised, 3 levels left

rFire  . . .     SeeInvis .     a - +0 war axe
rCold  . . .     Gourm    .     b - +0 scale mail
rNeg   . . .     Faith    .     c - +0 shield
rPois  .         Spirit   .     l - +1 helmet
rElec  .         Dismiss  .     (no cloak)
rCorr  .         Reflect  .     (no gloves)
SustAt .         Harm     .     (no boots)
MR     .....                    (no amulet)
Stlth  ..........               (no ring)
                                (no ring)

@: confused, very slightly contaminated, very heavily drained, not resistant to
hostile enchantments, extremely unstealthy
A: icy blue scales 1, agile 1, deterioration 1
a: no special abilities


You were on level 4 of the Dungeon.
You were very full.

You visited 1 branch of the dungeon, and saw 4 of its levels.

You collected 65 gold pieces.

Inventory:

Hand Weapons
 a - a +0 war axe (weapon)
Missiles
 o - 29 stones (quivered)
Armour
 b - a +0 scale mail (worn)
 c - a +0 shield (worn)
 l - a +1 helmet (worn)
Scrolls
 e - 2 scrolls of enchant armour {unknown}
 g - a scroll of identify
 i - a scroll of fog {unknown}
 j - a scroll of blinking
 k - 2 scrolls of remove curse
 n - a scroll of amnesia {unknown}
 q - a scroll of enchant weapon {unknown}
 r - a scroll of teleportation {unknown}
 t - 2 scrolls of fear {unknown}
Potions
 d - a potion of might
 h - a potion of brilliance
Comestibles
 f - a bread ration
 p - a meat ration


   Skills:
 * Level 3.5(0.0) Fighting
 * Level 2.5(0.0) Axes
 * Level 3.5(0.0) Armour
 + Level 0.6(0.0) Dodging
 + Level 3.4(0.0) Shields


You had 3 spell levels left.
You didn't know any spells.

Dungeon Overview and Level Annotations

Branches:
Dungeon (4/15)
 Temple: D:4-7

Altars:
Elyvilon


Innate Abilities, Weirdness & Mutations

You are partially covered in icy blue scales (AC +1).
You are agile. (Dex +2)
Your body sometimes deteriorates upon taking damage.


Message History

Drink which item? (? for menu, Esc to quit)
Okay, then.
Read which item? (? for menu, Esc to quit)
Blink to where?
Press: ? - help, Dir - move target cursor You can't see that place.
Sorry, you can't target what you can't see.
Okay, then.
Read which item? (? for menu, Esc to quit)
Blink to where?
Press: ? - help, Dir - move target cursor You are very lightly contaminated with residual magic.
As you read the scroll of blinking, it crumbles to dust.
You hear some strange, mumbled words.
You are confused.
You're too confused!
You bump into the rock wall.
The orc wizard points at you and mumbles some strange words.
The puff of flame hits you!
You die...

######
#o.{<# #
#.####....
#.@.......
######....
.


You could see an orc wizard.

Vanquished Creatures
  An adder (D:3)
  An ooze (D:1)
  A dart slug (D:1)
  A giant gecko (D:3)
  2 orcs
  2 ball pythons
  9 bats
  2 goblins
  5 hobgoblins
  8 jackals (D:2)
  A kobold (D:1)
  A quokka (D:3)
  2 giant newts
  A rat (D:2)
37 creatures vanquished.

Notes
Turn   | Place    | Note
--------------------------------------------------------------
     0 | D:1      | Korbac the Human Fighter began the quest for the Orb.
     0 | D:1      | Reached XP level 1. HP: 18/18 MP: 1/1
   145 | D:1      | Reached XP level 2. HP: 24/24 MP: 2/2
   381 | D:1      | Reached XP level 3. HP: 29/29 MP: 3/3
   618 | D:2      | Found a white marble altar of Elyvilon.
   957 | D:3      | Reached XP level 4. HP: 14/35 MP: 4/4
  1299 | D:4      | Gained mutation: Your body sometimes deteriorates upon taking damage. [potion of mutation]
  1299 | D:4      | Gained mutation: You are partially covered in icy blue scales (AC +1). [potion of mutation]
  1299 | D:4      | Gained mutation: You are agile. (Dex +2) [potion of mutation]
  1304 | D:4      | Killed from afar by an orc wizard

Action                   |  1- 3 |  4- 6 || total
-------------------------+-------+-------++-------
Melee: War axe           |    95 |    29 ||   124
Throw: Throwing net      |       |     2 ||     2
  Use: Scroll            |     3 |     1 ||     4
       Potion            |       |     2 ||     2
  Eat: Bread ration      |       |     2 ||     2
Armor: Scale mail        |    72 |    23 ||    95
Dodge: Dodged            |    56 |     8 ||    64
Block: Shield            |    64 |     9 ||    73
